 Dungeon Crawl Stone Soup version 0.29.1-13-g9f3cf754e1 (webtiles) character file.

Game seed: 9206591266733902217

13703 kingofthe the Nimble (level 11, -3/91 HPs)
             Began as a Minotaur Fighter on Jan 23, 2023.
             Was a Believer of Hepliaklqana.
             Slain by a two-headed ogre
             ... wielding a +0 giant club
              (24 damage)
             ... on level 11 of the Dungeon.
             The game lasted 00:35:27 (13371 turns).

kingofthe the Nimble (Minotaur Fighter)            Turns: 13371, Time: 00:35:28

Health: -3/91      AC: 21    Str: 29    XL:     11   Next: 79%
Magic:  10/10      EV: 12    Int:  5    God:    Hepliaklqana [**....]
Gold:   535        SH:  0    Dex: 12    Spells: 9/10 levels left

rFire   . . .      SeeInvis .   a - +2 spear (venom)
rCold   . . .      Faith    .   A - orb {light}
rNeg    . . .      Spirit   .   T - +0 plate armour
rPois   .          Reflect  .   (helmet restricted)
rElec   .          Harm     .   C - +2 cloak {Stlth+}
rCorr   .          Rampage  .   (no gloves)
Will    .....                   I - +1 pair of boots
Stlth   ..........              (no amulet)
HPRegen 0.25/turn               f - +6 ring of strength
MPRegen 0.12/turn               s - +4 ring of slaying

@: glowing
A: reduced essence, horns 2, retaliatory headbutt
a: Renounce Religion, Recall Ancestor, Ancestor Identity


You were on level 11 of the Dungeon.
You worshipped Hepliaklqana.
Hepliaklqana was pleased with you.
You visited 2 branches of the dungeon, and saw 13 of its levels.

You collected 715 gold pieces.
You spent 180 gold pieces at shops.

Inventory:

Hand Weapons
 a - a +2 spear of venom (weapon)
 b - a +1 trident of freezing
 j - a +2 mace of holy wrath
 N - a +0 hand axe of electrocution
 P - a +2 dagger of draining
 W - a +4 halberd of freezing
 Y - a +5 morningstar
 Z - a +4 battleaxe of venom
Missiles
 F - 2 throwing nets (quivered)
Armour
 c - a +0 buckler
 l - an orb of wrath
 t - a +1 cloak of willpower
 A - an orb of light (worn)
 C - a +2 cloak of stealth (worn)
 I - a +1 pair of boots (worn)
 T - a +0 plate armour (worn)
Jewellery
 f - a +6 ring of strength (left hand)
 s - a +4 ring of slaying (right hand)
 x - a ring of wizardry
 H - a ring of resist corrosion
 Q - a ring of see invisible
 U - a ring of poison resistance
Wands
 u - a wand of flame (75)
 y - a wand of acid (7)
 D - a wand of digging (3)
 G - a wand of paralysis (23)
 S - a wand of polymorph (14)
 X - a wand of iceblast (2)
Scrolls
 h - 9 scrolls of teleportation
 i - a scroll of vulnerability
 k - 10 scrolls of identify
 o - 2 scrolls of fog
 r - 4 scrolls of immolation
 w - a scroll of enchant weapon
 E - 3 scrolls of brand weapon
 J - 2 scrolls of magic mapping {unknown}
 K - a scroll of enchant armour
 L - a scroll of fear
Potions
 d - 7 potions of might
 e - 2 potions of curing
 g - 2 potions of resistance
 m - a potion of magic
 n - 2 potions of invisibility {unknown}
 p - 3 potions of flight
 q - a potion of heal wounds
 v - 2 potions of mutation {unknown}
 z - 2 potions of attraction
 M - 2 potions of cancellation
Miscellaneous
 B - a tin of tremorstones (2/2)


   Skills:
 + Level 11.2 Fighting
 + Level 10.9 Polearms
 + Level 11.2 Armour
 * Level 12.5 Dodging
 - Level 4.0 Shields


You had 9 spell levels left.
You knew the following spells:

 Your Spells              Type           Power      Damage    Failure   Level
a - Apportation           Tloc           0%         N/A       98%         1

Your spell library contained the following spells:

 Spells                   Type           Power      Damage    Failure   Level
 Magic Dart               Conj           0%         1d3       98%         1
 Call Imp                 Summ           0%         N/A       99%         2
 Static Discharge         Conj/Air       0%         3-3/arc   99%         2
 Conjure Flame            Conj/Fire      0%         6-21      100%        3
 Gell's Gravitas          Tloc           0%         N/A       100%        3
 Ignite Poison            Fire/Tmut/Pois 0%         N/A       100%        3
 Lesser Beckoning         Tloc           0%         N/A       100%        3
 Mephitic Cloud           Conj/Pois/Air  0%         N/A       100%        3
 Ozocubu's Armour         Ice            0%         N/A       100%        3
 Teleport Other           Tloc           0%         N/A       100%        3
 Tukima's Dance           Hex            0%         N/A       100%        3
 Dispel Undead            Necr           0%         3d6       100%        4
 Passage of Golubria      Tloc           0%         N/A       100%        4
 Sticky Flame             Conj/Fire      0%         2d3       100%        4
 Alistair's Intoxication  Tmut/Pois      0%         N/A       100%        5
 Yara's Violent Unravell  Hex/Tmut       0%         3d3       100%        5
 Ozocubu's Refrigeration  Ice            0%         4d7       100%        7


Dungeon Overview and Level Annotations

Branches:
Dungeon (12/15)            Temple (1/1) D:7            Lair (0/5) D:10
    Orc (0/2) D:11

Altars:
Ashenzari
Cheibriados
Dithmenos
Elyvilon
Fedhas
Gozag
Hepliaklqana
Kikubaaqudgha
Makhleb
Nemelex Xobeh
Okawaru
Qazlal
Ru
Sif Muna
Trog
Uskayaw
Vehumet
Wu Jian
Xom
Yredelemnul
Zin
The Shining One

Shops:
D:1 *([   D:3 ?   D:8 *

Annotations:
D:3 Yiuf
D:6 3 runed translucent doors, KittyFluff's ghost, novice GrBe
D:8 exclusion: 2 downstairs


Innate Abilities, Weirdness & Mutations

Your life essence is reduced to manifest your ancestor. (-10% HP)
You have a pair of horns on your head.
You reflexively headbutt those who attack you in melee.


Message History

The two-headed ogre hits you with a +0 giant spiked club.
The orc warrior unwields a +0 arbalest.
The orc warrior wields a +0 battleaxe.
The orc warrior completely misses you.
The orc warrior hits the boulder beetle with a +0 battleaxe!
The boulder beetle curls into a ball and begins rolling!
The orc warrior hits the boulder beetle but does no damage.
There is an open door here.
The boulder beetle misses you.
The boulder beetle stops rolling and uncurls.
The boulder beetle curls into a ball and begins rolling!
The boulder beetle attacks as you move away!
The boulder beetle hits you but does no damage.
The boulder beetle stops rolling and uncurls.
The boulder beetle curls into a ball and begins rolling!
The orc warrior unwields a +0 battleaxe.
The orc warrior wields a +0 arbalest.
The orc warrior shoots a bolt.
The bolt hits you but does no damage.
The two-headed ogre looks more healthy.
The orc warrior shoots a bolt.
The bolt hits you!
The boulder beetle attacks as you move away!
The boulder beetle closely misses you. You furiously retaliate!
You headbutt the boulder beetle.
The boulder beetle stops rolling and uncurls.
You kill the boulder beetle!
There is a stone staircase leading up here.
The orc warrior shoots a bolt.
The bolt barely misses you.
The orc warrior shoots a bolt.
The bolt hits you. The two-headed ogre barely misses you.
You furiously retaliate!
You headbutt the two-headed ogre!
The two-headed ogre hits you but does no damage.
The orc warrior shoots a bolt.
The bolt hits you!
You climb upwards.
There is a stone staircase leading down here.
You hit the two-headed ogre.
The two-headed ogre is poisoned.
You headbutt the two-headed ogre.
The two-headed ogre is heavily wounded.
The two-headed ogre hits you with a +0 giant club!!
* * * LOW HITPOINT WARNING * * *
The two-headed ogre hits you with a +0 giant spiked club!!
You die...

.# #.# #.# #.#
####### .# #.# #.#
#.######
.#######.######.#
#......#
................#
######.#
.............#### #.#
..######...#.# #.#
..# ###.#.# #.# ..#
#####.#.######## #.#
..# #....)....O@...#
##.#
#.####.###.#.######.#
#<.# #......# #.#.#
#.# #.##
#.########.#.# #.#
#.#
#..>.........######.#
#.#
#.#####...........#.#
#.#
...####.###.#####.#.#
#.# .#......# #.#
#.#.# ##.## ...######
#.# #.#.#####.#.#####


You could see a two-headed ogre (very poisoned).

Vanquished Creatures
  2 boulder beetles
  Nergalle (D:10)
  An ugly thing (D:10)
  2 cyclopes (D:11)
  Joseph (D:9)
  2 kobold demonologists (D:10)
  An unseen horror (D:11)
  A troll (D:11)
  4 hornets
  2 slime creatures
  A wraith (D:11)
  18 yaks
  3 wyverns
  A steam dragon (D:9)
  An acid dragon (D:9)
  An ice beast (D:6)
  A sky beast (D:8)
  3 orc warriors
  A centaur (D:6)
  2 phantoms
  6 kobold brigands
  2 bullfrogs
  A necrophage (D:6)
  A gnoll sergeant (D:9)
  4 scorpions
  7 wights
  3 killer bees (D:10)
  5 howler monkeys
  4 jellies
  A hound (D:7)
  2 gnoll boudas
  3 orc priests
  Crazy Yiuf (D:3)
  Jessica (D:2)
  4 iguanas
  5 orc wizards
  Terence (D:2)
  27 gnolls
  7 adders
  2 shadow imps
  An ufetubus (D:7)
  2 worms
  A dart slug (D:1)
  29 orcs
  6 ball pythons
  8 bats
  3 endoplasms
  3 giant cockroaches
  6 hobgoblins
  3 jackals (D:4)
  3 quokkas
  4 frilled lizards
  6 goblins
  19 kobolds
  2 rats
232 creatures vanquished.

Vanquished Creatures (collateral kills)
  A slime creature (D:12)
  A boulder beetle (D:12)
  A yak (D:10)
  A gnoll sergeant (D:9)
  A wight (D:10)
  An orc wizard (D:11)
  2 kobolds
8 creatures vanquished.

Vanquished Creatures (others)
  A hexer (D:12)
  5 ancestors
  9 fungi
  19 plants
34 creatures vanquished.

Grand Total: 274 creatures vanquished

Notes
Turn   | Place    | Note
-------+----------+-------------------------------------------
     0 | D:1      | kingofthe the Minotaur Fighter began the quest for the Orb.
     0 | D:1      | Reached XP level 1. HP: 19/19 MP: 0/0
    49 | D:1      | Found Guriavek's Antique Armour Emporium.
   244 | D:1      | Found Gusayt's Antique Weapon Shop.
   324 | D:1      | Reached XP level 2. HP: 25/27 MP: 1/1
   417 | D:1      | Found Giclow's General Store.
  1162 | D:2      | Noticed Terence
  1232 | D:2      | Killed Terence
  1233 | D:2      | Reached XP level 3. HP: 33/33 MP: 2/2
  1387 | D:2      | Found a shimmering blue altar of Sif Muna.
  1469 | D:2      | Noticed Jessica
  1471 | D:2      | Killed Jessica
  1472 | D:2      | Reached XP level 4. HP: 41/41 MP: 3/3
  1556 | D:2      | Found a faded altar of an unknown god.
  1814 | D:3      | Found a shadowy altar of Dithmenos.
  1867 | D:3      | Reached XP level 5. HP: 47/47 MP: 4/4
  1952 | D:3      | Found Qimaz's Magic Scroll Shop.
  2028 | D:3      | Found a runed translucent door.
  2029 | D:3      | Noticed Crazy Yiuf
  2118 | D:3      | Found a glowing golden altar of the Shining One.
  2242 | D:4      | Learned a level 1 spell: Apportation
  2348 | D:4      | You fall into a shaft and drop 1 floor!
  2348 | D:5      | Entered Level 5 of the Dungeon
  2348 | D:5      | Found a basalt altar of Yredelemnul.
  2373 | D:5      | Reached skill level 5 in Fighting
  2373 | D:5      | Reached skill level 1 in Dodging
  2374 | D:5      | Reached skill level 5 in Armour
  2592 | D:5      | Reached skill level 2 in Dodging
  2739 | D:4      | Reached XP level 6. HP: 56/56 MP: 5/5
  3224 | D:1      | Bought a runed cloak for 180 gold pieces
  3557 | D:5      | Reached skill level 3 in Dodging
  3677 | D:5      | Reached skill level 5 in Polearms
  3678 | D:5      | Reached XP level 7. HP: 48/62 MP: 6/6
  4027 | D:6      | Reached skill level 4 in Dodging
  4304 | D:6      | Found a runed translucent gate.
  4305 | D:6      | Found a runed translucent gate.
  4305 | D:6      | Found a runed translucent gate.
  4305 | D:6      | Noticed KittyFluff's ghost (novice GrBe)
  4435 | D:6      | Reached skill level 5 in Dodging
  4526 | D:6      | Reached XP level 8. HP: 71/71 MP: 7/7
  5103 | D:7      | Noticed a hornet
  5111 | D:7      | Killed a hornet
  5112 | D:7      | Reached skill level 6 in Dodging
  5453 | D:7      | Found a hide-covered altar of Uskayaw.
  5453 | D:7      | Noticed a hornet
  5455 | D:7      | Paralysed by a hornet for 3 turns
  5460 | D:7      | Paralysed by a hornet for 3 turns
  5461 | D:7      | Killed a hornet
  5462 | D:7      | Reached skill level 7 in Dodging
  5824 | D:7      | Found a staircase to the Ecumenical Temple.
  5953 | Temple   | Entered the Ecumenical Temple
  5996 | Temple   | Became a worshipper of Hepliaklqana the Forgotten
  6272 | D:8      | Reached XP level 9. HP: 79/79 MP: 8/8
  6320 | D:8      | Found Faoth's CLEARANCE SALE!.
  7011 | D:8      | Reached skill level 8 in Dodging
  7172 | D:8      | Reached * piety under Hepliaklqana
  8016 | D:3      | Killed Crazy Yiuf
  8911 | D:9      | Noticed Joseph
  8911 | D:9      | Noticed a boulder beetle
  8938 | D:9      | Killed Joseph
  8995 | D:9      | Killed a boulder beetle
  8996 | D:9      | Reached skill level 9 in Dodging
  8996 | D:9      | Reached XP level 10. HP: 43/81 MP: 9/9
  9725 | D:9      | Reached skill level 10 in Dodging
 10290 | D:10     | Entered Level 10 of the Dungeon
 10394 | D:10     | Reached skill level 10 in Fighting
 10394 | D:10     | Reached skill level 10 in Armour
 10524 | D:10     | Noticed a cyan ugly thing
 10532 | D:10     | Killed a cyan ugly thing
 10533 | D:10     | Reached skill level 11 in Dodging
 10533 | D:10     | Reached XP level 11. HP: 41/90 MP: 10/10
 10747 | D:10     | Reached ** piety under Hepliaklqana
 10748 | D:10     | Remembered your ancestor Romanian Police as a hexer
 10903 | D:10     | Noticed Nergalle
 10909 | D:10     | Reached skill level 10 in Polearms
 11071 | D:10     | Found a staircase to the Lair.
 11451 | D:10     | Killed Nergalle
 11954 | D:11     | Reached skill level 12 in Dodging
 12157 | D:11     | Found a staircase to the Orcish Mines.
 12427 | D:11     | Found a staircase to the Orcish Mines.
 12966 | D:12     | Noticed a boulder beetle
 12977 | D:12     | Killed a boulder beetle
 13338 | D:12     | Noticed a boulder beetle
 13343 | D:12     | Noticed a two-headed ogre
 13365 | D:12     | Killed a boulder beetle
 13371 | D:11     | Slain by a two-headed ogre

Illustrated notes

Levels and vault maps discovered:
D:1:      giann_wishing_wells, layout_loops_corners, serial_shops,
          shop_fountains, nicolae_shop_overgrown_old_shop, nicolae_shop_stone,
          minmay_bisected
D:2:      layout_rooms, basic_altar, hellmonk_ecumenical_altar_blasted,
          uniq_terence, uniq_jessica
D:3:      layout_basic, mainiacjoe_overflow_catwalk, tso_altar, serial_shops,
          nicolae_shop_advertising_works [nicolae_subvault_shop_adworks],
          uniq_crazy_yiuf_cottage
D:4:      layout_loops_ring
D:5:      layout_gridville, mainiacjoe_overflow_small_starburst,
          minmay_misc_feat_nine_boxes, grunt_decor_fettered
D:6:      layout_basic, gammafunk_ghost_nasty_kobolds,
          minmay_misc_feat_enclosed, chequers_serial_rivers_micro_d,
          corexii_shack
D:7:      layout_basic, amcnicky_altar_gilded, minmay_temple_entry_nine_rooms
D:8:      layout_basic, chequers_serial_rivers_micro_d, nicolae_shop_clearance
D:9:      wad_crossroads, layout_long_grid, minmay_checkerbox, uniq_joseph
D:10:     layout_rooms, grunt_lair_entry_orc_guard_hut, uniq_nergalle
D:11:     layout_loops_ring, orc_0_dummy
D:12:     layout_gridville, uniq_maurice
Temple:   compressed_dpeg_circular_temple

Skill      XL: |  1  2  3  4  5  6  7  8  9 10 11 |
---------------+----------------------------------+-----
Fighting       | 4 5 6 7 9 10 11 | 11.2
Shields        | 4 |  4.0
Polearms       | 3 4 5 7 8 9 10 | 10.9
Armour         | 4 5 6 7 9 10 11 | 11.2
Dodging        | 2 3 5 7 9 11 12 | 12.5

Action                   |  1- 3 |  4- 6 |  7- 9 | 10-12 || total
-------------------------+-------+-------+-------+-------++-------
Melee: Trident           |    61 |    12 |       |       ||    73
       Headbutt          |     7 |    11 |    40 |    60 ||   118
       Spear             |       |   118 |   244 |   263 ||   625
Invok: Recall Ancestor   |       |       |     1 |     2 ||     3
       Ancestor Identity |       |       |     1 |       ||     1
       Ancestor Life: He |       |       |       |     1 ||     1
  Use: Scroll            |       |       |    18 |       ||    18
       Potion            |       |       |     5 |       ||     5
 Stab: Distracted        |       |       |     1 |     2 ||     3
       Confused          |       |       |       |     2 ||     2
Armor: Scale mail        |    14 |       |       |       ||    14
       Chain mail        |     5 |    30 |    38 |       ||    73
       Plate armour      |       |       |    24 |    58 ||    82
Dodge: Dodged            |    17 |    29 |    46 |    69 ||   161
Block: Buckler           |     5 |    20 |    23 |       ||    48
